 Dungeon Crawl Stone Soup version 0.19-a0-277-g85cb9a5 (webtiles) character file.

1047 epen the Slasher (level 8, 0/91 HPs)
             Began as a Demonspawn Chaos Knight on May 26, 2016.
             Succumbed to a water moccasin's poison
             ... on level 5 of the Dungeon.
             The game lasted 00:11:04 (6917 turns).

epen the Slasher (Demonspawn Chaos Knight)          Turns: 6917, Time: 00:11:06

Health: 0/91       AC: 24    Str: 11 (14) XL:     8   Next: 5%
Magic:  7/8        EV:  2    Int: 17 (19) God:    Xom [..*...]
Gold:   377        SH:  0    Dex: 11 (13) Spells: 0 memorised, 7 levels left

rFire  . . .     SeeInvis .     a - +1 falchion (chaos)
rCold  . . .     Gourm    .     (armour currently unavailable)
rNeg   + + +     Faith    .     (no shield)
rPois  +         Spirit   .     (helmet currently unavailable)
rElec  .         Dismiss  .     (cloak currently unavailable)
rCorr  .         Reflect  .     (gloves currently unavailable)
SustAt .         Harm     .     (boots currently unavailable)
MR     +....     NoTele   +     G - amulet of rage
Stlth  ++........               x - ring of protection from magic
                                e - ring of stealth

@: brilliant, lethally poisoned (0 -> -14), tree-form, very slightly
contaminated, invisible, somewhat resistant to hostile enchantments, unstealthy
A: (talons 0), (molten scales 0), powered by death 1
a: Renounce Religion, Evoke Berserk Rage


You were on level 5 of the Dungeon.
You worshipped Xom.
You were a toy of Xom.
You were near starving.
You were a tree.
You visited 1 branch of the dungeon, and saw 6 of its levels.
You also visited: Sewer.

You collected 377 gold pieces.

Inventory:

Hand Weapons
 a - a +1 falchion of chaos (weapon)
 k - a +2 quarterstaff of chaos
Armour
 b - a +2 leather armour (melded)
 d - a +0 ring mail
 o - a +0 pair of gloves
 u - a +0 cloak (melded)
 H - a +0 pair of gloves (melded)
Jewellery
 e - a ring of stealth (left branch)
 r - an uncursed ring of wizardry
 w - an uncursed ring of sustain attributes
 x - a ring of protection from magic (right branch)
 F - an uncursed ring of wizardry
 G - an amulet of rage (around neck)
Scrolls
 j - a scroll of enchant weapon
 l - a scroll of recharging
 p - 2 scrolls of noise
 v - a scroll of amnesia
 y - 5 scrolls of identify
 B - 3 scrolls of remove curse
 C - 2 scrolls of blinking {unknown}
 D - a scroll of fear
Potions
 i - a potion of might {unknown}
 n - a potion of heal wounds {unknown}
 q - a potion of brilliance
 z - a potion of mutation {unknown}
 A - 3 potions of flight
 E - 2 potions of invisibility
Books
 h - a Young Poisoner's Handbook

   Spells                             Type                      Level
   a - Sting                          Conjuration/Poison           1
   b - Cure Poison                    Poison                       2
   c - Mephitic Cloud                 Conjuration/Poison/Air       3
   d - Olgreb's Toxic Radiance        Poison                       4
   e - Venom Bolt                     Conjuration/Poison           5
Comestibles
 c - 5 bread rations
 f - a slice of pizza
 g - a meat ration


   Skills:
 + Level 4.9 Fighting
 * Level 5.4 Long Blades
 + Level 3.7 Armour
 * Level 5.1 Dodging


You had 7 spell levels left.
You didn't know any spells.

Dungeon Overview and Level Annotations

Branches:
Dungeon (6/15)
 Temple: D:4-7

Altars:
Ashenzari
Dithmenos
Okawaru
Ukayaw
Xom
Yredelemnul
The Shining One

Annotations:
D:6 Eustachio


Innate Abilities, Weirdness & Mutations

((You have razor-sharp toenails.))
((You are partially covered in molten scales. (AC +1)))
You regenerate a little health from kills.


Message History

Xom thinks this is hilarious!
* * * LOW HITPOINT WARNING * * *
You feel sick.
The water moccasin bites you but does no damage.
The water moccasin barely misses you.
Drink which item? (? for menu, Esc to quit)
It was a potion of flight.
You feel very buoyant.
You fly up into the air.
* * * LOW HITPOINT WARNING * * *
You feel sick. The water moccasin barely misses you.
Unknown command.
Drink which item? (? for menu, Esc to quit)
It was a potion of lignification.
You turn into a tree.
Your +0 cloak melds into your body.
Your +0 pair of gloves melds into your body.
Your +2 leather armour melds into your body.
Your roots penetrate the ground.
You die...
Xom guffaws!

##.............####..........#
##............#..............
##................<...........
#........................##...
##.......................###...
#........................# #...
#...............###......# #..#
##..............##.......###..#
#.....>.....S♣...........##..#
##..........))<..[........#..#
#...........###.............#
#..........## #.......###...#
##..........# #......## ###..
##.##.......## ######## ##)
#..##.......# #. ##.####.....##
##. ##.## ##....# ##..


You could see a water moccasin.

Vanquished Creatures
  A phantom (D:5)
  An ice beast (D:6)
  2 ogres
  A big kobold (D:5)
  A howler monkey (D:4)
  A crimson imp (D:5)
  The ghost of Charly the Ruffian, a weakling VSTm (Sewer)
  A hound (D:4)
  A giant frog zombie (D:5)
  2 orc priests (D:5)
  Crazy Yiuf (D:3)
  A centaur skeleton (D:6)
  An iguana (D:2)
  A hound zombie (D:5)
  2 hound skeletons
  8 gnolls
  9 adders
  An ooze (Sewer)
  4 worms
  A dart slug (D:3)
  5 giant geckos
  12 orcs
  9 bats
  10 giant cockroaches
  6 goblins
  4 hobgoblins
  8 jackals
  11 kobolds
  5 quokkas
  3 ball pythons (Sewer)
  4 giant newts
  7 rats
125 creatures vanquished.

Notes
Turn   | Place    | Note
--------------------------------------------------------------
     0 | D:1      | epen the Demonspawn Chaos Knight began the quest for the Orb.
     0 | D:1      | Reached XP level 1. HP: 18/18 MP: 1/1
    18 | D:1      | Reached skill level 1 in Dodging
   113 | D:1      | Gained mutation: You have sharp toenails. [demonic ancestry]
   113 | D:1      | Reached XP level 2. HP: 17/24 MP: 2/2
   584 | D:2      | XOM: smoke on damage
   614 | D:2      | XOM: summons 2 hostile shadow creatures
   747 | D:2      | Found a hide-covered altar to Ukayaw.
   827 | D:2      | Reached XP level 3. HP: 29/29 MP: 3/3
   841 | D:2      | Found a basalt altar of Yredelemnul.
   843 | D:2      | Noticed a profane servitor
   866 | D:2      | Found a glowing golden altar of the Shining One.
   868 | D:2      | Noticed an angel
   873 | D:2      | XOM: give mutation
   873 | D:2      | Gained mutation: Your body sometimes deteriorates upon taking damage. [Xom's mischief]
   940 | D:2      | XOM: harmless Tmut miscast
  1160 | D:2      | XOM: smoke on damage
  1194 | D:2      | Found an iron altar of Okawaru.
  1474 | D:2      | Reached XP level 4. HP: 25/35 MP: 4/4
  1569 | D:2      | Found a shimmering altar of Xom.
  1902 | D:3      | Gained mutation: You have razor-sharp toenails. [demonic ancestry]
  1902 | D:3      | Reached XP level 5. HP: 13/41 MP: 5/5
  1957 | D:3      | XOM: harmless Pois miscast
  1992 | D:3      | XOM: mild Air miscast
  2703 | D:3      | Found a shadowy altar of Dithmenos.
  2762 | D:3      | Found a shattered altar of Ashenzari.
  2854 | D:3      | Noticed Crazy Yiuf
  2869 | D:3      | XOM: divination: detect items
  2898 | D:3      | Killed Crazy Yiuf
  3414 | D:4      | Gained mutation: You are partially covered in molten scales. (AC +1) [demonic ancestry]
  3414 | D:4      | Reached XP level 6. HP: 33/48 MP: 6/6
  3825 | D:4      | XOM: 3-stop teleportation journey
  3942 | D:4      | XOM: give mutation
  3942 | D:4      | Gained mutation: You are dopey. (Int -2) [Xom's mischief]
  4094 | D:5      | Entered Level 5 of the Dungeon
  4134 | D:5      | XOM: give mutation
  4134 | D:5      | Gained mutation: Your magical capacity is low. (-10% MP) [Xom's mischief]
  4349 | D:5      | Found a glowing drain.
  4353 | Sewer    | Entered a sewer
  4605 | Sewer    | Noticed Charly's ghost (weakling VSTm)
  4609 | Sewer    | Killed Charly's ghost
  4914 | D:5      | Reached XP level 7. HP: 26/54 MP: 6/6
  4914 | D:5      | XOM: fake destruction
  5014 | D:5      | XOM: summons 3 hostile demons
  5015 | D:5      | Noticed a smoke demon
  5290 | D:5      | XOM: summons 4 friendly demons
  5455 | D:5      | XOM: medium Fire miscast
  5467 | D:5      | XOM: silly message
  5814 | D:5      | XOM: summons 2 friendly demons
  5838 | D:5      | Reached skill level 5 in Long Blades
  6266 | D:6      | XOM: colour smoke trail
  6369 | D:6      | XOM: mild Conj miscast
  6389 | D:6      | Reached skill level 5 in Dodging
  6613 | D:6      | Noticed Eustachio
  6619 | D:6      | XOM: cast spell 'Confusing Touch'
  6662 | D:6      | XOM: divination: detect creatures
  6673 | D:6      | XOM: harmless Hex miscast
  6683 | D:5      | XOM: harmless Pois miscast
  6703 | D:5      | XOM: potion effect (berserk rage)
  6706 | D:5      | Gained mutation: You regenerate a little health from kills. [demonic ancestry]
  6706 | D:5      | Reached XP level 8. HP: 19/61 MP: 7/7
  6839 | D:5      | XOM: silly message
  6915 | D:5      | Lost mutation: You are dopey. (Int -2) [potion of cure mutation]
  6915 | D:5      | Lost mutation: Your body sometimes deteriorates upon taking damage. [potion of cure mutation]
  6915 | D:5      | Lost mutation: Your magical capacity is low. (-10% MP) [potion of cure mutation]
  6915 | D:5      | HP: 3/61 [poisoned by a water moccasin]
  6916 | D:5      | HP: 1/61 [poisoned by a water moccasin]
  6917 | D:5      | Succumbed to a water moccasin's poison

Vault maps used:
D:1:      lightli_arrival_lavapool
D:2:      grunt_temple_overflow_holy_war, okawaru_metal_pillars_1_2,
          old_standard_altar, first_bread, kennysheep_crisscross, tgw_xom
D:3:      nicolae_dithmenos_through_a_glass_darkly, lemuel_doored_altar,
          uniq_crazy_yiuf_cottage
D:5:      gup_sewer_entry_bowl
D:6:      nicolae_temple_entry_ecumenical, nicolae_benzene_ring, uniq_eustachio
Sewer:    sewer_fruit_machine

Skill      XL: |  1  2  3  4  5  6  7 |
---------------+----------------------+-----
Dodging        | 1 2 3 4 5 |  5.1
Armour         | 2 3 |  3.7
Long Blades    | 3 4 5 |  5.4
Fighting       | 4 |  4.9

Action                   |  1- 3 |  4- 6 |  7- 9 || total
-------------------------+-------+-------+-------++-------
Melee: Falchion          |   133 |   132 |    16 ||   281
       Kick              |    23 |    50 |    34 ||   107
       Quarterstaff      |       |   104 |   139 ||   243
  Use: Scroll            |       |     9 |     1 ||    10
       Potion            |       |       |     8 ||     8
 Stab: Confused          |     1 |       |       ||     1
       Sleeping          |       |     4 |     1 ||     5
       Distracted        |       |     1 |       ||     1
       Paralysed         |       |       |     1 ||     1
  Eat: Chunk             |     2 |    11 |     1 ||    14
       Meat ration       |       |       |     1 ||     1
Armor: Leather armour    |    44 |   103 |    76 ||   223
Dodge: Dodged            |    77 |   181 |   150 ||   408
